 Dungeon Sprint DCSS version 0.22-a0-422-g9628fc8 (webtiles) character file.

1683 Kidiri the Thaumaturge (level 8, 0/48 HPs)
             Began as a Deep Elf Fire Elementalist on May 22, 2018.
             Was a Priest of Vehumet.
             Killed from afar by Erolcha (48 damage)
             ... with an exploding inner flame
             ... hexed by the player character
             ... in the Dungeon (Sprint III: "The Ten Rune Challenge").
             The game lasted 00:07:19 (1452 turns).

Kidiri the Thaumaturge (Deep Elf Fire Elementalist) Turns: 1452, Time: 00:07:20

Health: 0/48       AC:  3    Str:  3    XL:     8   Next: 71%
Magic:  12/28      EV: 17    Int: 23    God:    Vehumet [***...]
Gold:   13         SH:  0    Dex: 15    Spells: 6/35 levels left

rFire    . . .     SeeInvis .   j - +0 dagger
rCold    . . .     Gourm    .   (no shield)
rNeg     . . .     Faith    .   a - +0 robe
rPois    .         Spirit   .   (helmet restricted)
rElec    .         Reflect  .   (no cloak)
rCorr    .         Harm     .   (no gloves)
MR       .....     NoTele   +   l - +0 pair of boots
Stlth    ++........             (no amulet)
HPRegen  0.16/turn              (no ring)
MPRegen  0.21/turn              (no ring)

@: no status effects
A: horns 1, weak 1, evolution 1
a: Renounce Religion


You were in the Dungeon.
You worshipped Vehumet.
Vehumet was most pleased with you.
You were not hungry.

You visited 1 branch You collected 13 gold pieces.

Inventory:

Hand Weapons
 j - a +0 dagger (weapon)
Armour
 a - a +0 robe (worn)
 l - a +0 pair of boots (worn)
Wands
 m - a wand of flame (20)
Scrolls
 i - a scroll of blinking
 q - 2 scrolls of remove curse
 r - a scroll of holy word
Potions
 b - 3 potions of flight
 d - a potion of curing
 e - 2 potions of heal wounds
 f - a potion of haste
 g - 2 potions of magic
 h - a potion of berserk rage
 n - 3 potions of mutation
Comestibles
 c - 3 rations
 k - 3 chunks of flesh


   Skills:
 + Level 4.9 Fighting
 + Level 2.0 Short Blades
 + Level 4.9 Armour
 + Level 7.7 Dodging
 - Level 2.4 Stealth
 * Level 14.4 Spellcasting
 + Level 8.9 Conjurations
 + Level 9.5 Fire Magic
 + Level 2.3 Ice Magic
 + Level 1.4 Earth Magic
 + Level 0.0 Poison Magic


You had 6 spell levels left.
You knew the following spells:

 Your Spells              Type           Power        Failure   Level  Hunger
a - Flame Tongue          Conj/Fire      #####        1%          1    None
b - Throw Flame           Conj/Fire      ######       1%          2    None
c - Conjure Flame         Conj/Fire      ######..     1%          3    None
d - Inner Flame           Hex/Fire       #####...     1%          3    None
e - Ignite Poison         Fire/Tmut/Pois ####....     1%          3    None
f - Sticky Flame          Conj/Fire      ######..     1%          4    None
g - Fireball              Conj/Fire      ######....   1%          5    ###....
h - Throw Frost           Conj/Ice       #####.       1%          2    None
i - Stone Arrow           Conj/Erth      #####.       1%          3    None
j - Summon Small Mammal   Summ           ###.         3%          1    None
k - Animate Skeleton      Necr           N/A          3%          1    None
l - Apportation           Tloc           ###...       3%          1    None

Your spell library contained the following spells:

 Spells                   Type           Power        Failure   Level  Hunger
 Confusing Touch          Hex            ###...       3%          1    None


Dungeon Overview and Level Annotations

Branches:
Dungeon (1/1)

Altars:
Cheibriados
Dithmenos
Elyvilon
Fedhas
Gozag
Hepliaklqana
Kikubaaqudgha
Makhleb
Nemelex Xobeh
Okawaru
Qazlal
Ru
Sif Muna
Trog
Uskayaw
Vehumet
Wu Jian
Xom
Yredelemnul
Zin
The Shining One
Beogh
Jiyva
Lugonu

Annotations:
D exclusion: door


Innate Abilities, Weirdness & Mutations

You have a pair of small horns on your head.
You are weak. (Str -2)
You evolve.


Message History

Confirm with . or Enter, or press ? or * to list all spells.
Aiming: Flame Tongue (safe; 1% risk of failure)
Press: ? - help, Shift-Dir - straight line, f/p - Erolcha
Aim: Erolcha, wielding a giant club and wearing a robe (flame, heavily wounded, covered in liquid flames)
The flame tongue hits Erolcha.
Erolcha appears unharmed.
Erolcha is heavily wounded.
Erolcha burns!
Erolcha is engulfed in blazing flames.
Erolcha screams, "Erolcha kill you!" Erolcha barely misses you.
Casting: Flame Tongue (safe; 1% risk of failure)
Confirm with . or Enter, or press ? or * to list all spells.
Aiming: Inner Flame (safe; 1% risk of failure)
Press: ? - help, Shift-Dir - straight line, f/p - Erolcha
Aim: Erolcha, wielding a giant club and wearing a robe (flame, almost dead, covered in liquid flames, chance to defeat MR: 62%) Erolcha is filled with an inner flame.
The two-headed ogre burns!
Erolcha burns!
Erolcha is engulfed in blazing flames.
Erolcha explodes!
The fiery explosion engulfs you!
Ouch! That really hurt!
You die...

__# ._# +## ..#
..# #'#
..#+##############
..#....#.#.#.....#
..##.#).#.##.###@#
..'##.#.#.##)#§§##
..#...#..#..##§§
▓▓▓▓▓▓▓▓▓▓▓▓▓▓▓▓


There were no monsters in sight!

Vanquished Creatures
  A deep elf mage (D)
  A shadow (D)
  A spatial vortex (D)
  A necrophage (D)
  4 two-headed ogres (D)
  A water elemental (D)
  A jelly (D)
  Jessica (D)
  A necromancer (D)
  A wizard (D)
  A kobold demonologist (D)
  3 humans (D)
  2 oozes (D)
  A phantom (D)
  A rat (D)
21 creatures vanquished.

Vanquished Creatures (others)
  2 draconian scorchers (D)
  6 hellions (D)
  A yaktaur (D)
9 creatures vanquished.

Grand Total: 30 creatures vanquished

Notes
Turn   | Place    | Note
-------+----------+-------------------------------------------
     0 | D        | Kidiri the Deep Elf Fire Elementalist began the quest for the Orb.
     0 | D        | Reached XP level 1. HP: 10/10 MP: 6/6
     8 | D        | Reached skill level 4 in Spellcasting
    55 | D        | Killed a yaktaur
    68 | D        | Killed a hellion
    76 | D        | Reached XP level 2. HP: 15/15 MP: 4/9
    87 | D        | Learned a level 2 spell: Throw Flame
   120 | D        | Noticed Jessica
   126 | D        | Killed Jessica
   126 | D        | Reached skill level 6 in Spellcasting
   126 | D        | Reached XP level 3. HP: 10/19 MP: 3/13
   137 | D        | Learned a level 3 spell: Conjure Flame
   141 | D        | Learned a level 3 spell: Inner Flame
   157 | D        | Killed a white draconian scorcher
   173 | D        | Killed a hellion
   174 | D        | Killed a hellion
   184 | D        | Killed a white draconian scorcher
   192 | D        | Killed a hellion
   208 | D        | Killed a hellion
   259 | D        | Killed a hellion
   293 | D        | Reached skill level 7 in Spellcasting
   293 | D        | Reached skill level 5 in Fire Magic
   391 | D        | Gained mutation: You are robust. (+10% HP) [potion of mutation]
   391 | D        | Gained mutation: You passively map a small area around you. [potion of mutation]
   426 | D        | Lost mutation: You are robust. (+10% HP) [potion of mutation]
   426 | D        | Lost mutation: You passively map a small area around you. [potion of mutation]
   426 | D        | Gained mutation: You are weak. (Str -2) [potion of mutation]
   426 | D        | Gained mutation: You have a pair of small horns on your head. [potion of mutation]
   426 | D        | Gained mutation: You evolve. [potion of mutation]
   471 | D        | Noticed a water elemental
   475 | D        | Killed a water elemental
   475 | D        | Reached skill level 9 in Spellcasting
   475 | D        | Reached skill level 5 in Conjurations
   475 | D        | Reached XP level 4. HP: 18/24 MP: 11/17
   492 | D        | Learned a level 4 spell: Sticky Flame
   539 | D        | Found a radiant altar of Vehumet.
   540 | D        | Found a deep blue altar of Sif Muna.
   540 | D        | Found an ancient bone altar of Kikubaaqudgha.
   540 | D        | Noticed a wizard
   542 | D        | Killed a wizard
   542 | D        | Reached XP level 5. HP: 24/28 MP: 14/19
   544 | D        | Noticed a hellwing
   544 | D        | Reached skill level 10 in Spellcasting
   556 | D        | Learned a level 5 spell: Fireball
   559 | D        | Became a worshipper of Vehumet
   731 | D        | Found a glowing silver altar of Zin.
   732 | D        | Found a glowing golden altar of the Shining One.
   732 | D        | Found a white marble altar of Elyvilon.
   732 | D        | Noticed a deep elf mage
   738 | D        | Killed a deep elf mage
   738 | D        | Reached skill level 5 in Dodging
   738 | D        | Reached skill level 12 in Spellcasting
   738 | D        | Reached XP level 6. HP: 33/37 MP: 14/23
   738 | D        | Reached XP level 7. HP: 37/41 MP: 14/24
   790 | D        | Learned a level 1 spell: Apportation
   792 | D        | Learned a level 1 spell: Animate Skeleton
   794 | D        | Learned a level 1 spell: Summon Small Mammal
   795 | D        | Found a hide-covered altar of Uskayaw.
   795 | D        | Found a roughly hewn altar of Beogh.
   795 | D        | Found an iron altar of Okawaru.
   795 | D        | Found a bloodstained altar of Trog.
   795 | D        | Found an ornate altar of the Wu Jian Council.
   795 | D        | Noticed a human
   795 | D        | Noticed a human
   807 | D        | Killed a human
   810 | D        | Killed a human
   810 | D        | Reached * piety under Vehumet
   810 | D        | Offered knowledge of Shock by Vehumet.
   810 | D        | Reached skill level 13 in Spellcasting
   999 | D        | Found a basalt altar of Yredelemnul.
   999 | D        | Found a shadowy altar of Dithmenos.
   999 | D        | Found a sacrificial altar of Ru.
  1108 | D        | Noticed a shadow
  1113 | D        | Killed a shadow
  1113 | D        | Reached ** piety under Vehumet
  1113 | D        | Offered knowledge of Throw Frost by Vehumet.
  1113 | D        | Reached XP level 8. HP: 48/48 MP: 17/27
  1157 | D        | Found a blossoming altar of Fedhas.
  1157 | D        | Found a stormy altar of Qazlal.
  1157 | D        | Found a snail-covered altar of Cheibriados.
  1157 | D        | Found a burning altar of Makhleb.
  1157 | D        | Found a shimmering altar of Xom.
  1160 | D        | Found a hazy altar of Hepliaklqana.
  1160 | D        | Found an opulent altar of Gozag.
  1160 | D        | Found a sparkling altar of Nemelex Xobeh.
  1160 | D        | Found a corrupted altar of Lugonu.
  1160 | D        | Found a viscous altar of Jiyva.
  1238 | D        | Learned a level 2 spell: Throw Frost
  1251 | D        | Offered knowledge of Stone Arrow by Vehumet.
  1251 | D        | Reached skill level 14 in Spellcasting
  1252 | D        | Reached *** piety under Vehumet
  1252 | D        | Reached skill level 1 in Short Blades
  1252 | D        | Reached skill level 1 in Ice Magic
  1305 | D        | Learned a level 3 spell: Stone Arrow
  1357 | D        | Noticed a two-headed ogre
  1370 | D        | Killed a two-headed ogre
  1370 | D        | Offered knowledge of Ignite Poison by Vehumet.
  1370 | D        | Reached skill level 1 in Earth Magic
  1375 | D        | Learned a level 3 spell: Ignite Poison
  1445 | D        | Noticed a two-headed ogre
  1445 | D        | Noticed Erolcha
  1452 | D        | Killed Erolcha
  1452 | D        | Killed from afar by Erolcha

Vault maps used:
D:        dungeon_sprint_mu

Skill      XL: |  1  2  3  4  5  6  7  8 |
---------------+-------------------------+-----
Spellcasting   | 4 6 9 12 13 14 | 14.4
Conjurations   | 2 3 5 7 8 |  8.9
Fire Magic     | 4 6 8 9 |  9.5
Fighting       | 3 4 |  4.9
Armour         | 3 4 |  4.9
Dodging        | 5 6 7 |  7.7
Short Blades   | 2 |  2.0
Ice Magic      | 2 |  2.3
Earth Magic    | 1 |  1.4
Stealth        | |  2.4

Action                   |  1- 3 |  4- 6 |  7- 9 || total
-------------------------+-------+-------+-------++-------
Melee: Club              |       |     1 |       ||     1
       Headbutt          |       |     1 |       ||     1
       Dagger            |       |       |     1 ||     1
 Cast: Flame Tongue      |    23 |     3 |    44 ||    70
       Throw Flame       |     3 |       |       ||     3
       Sticky Flame      |       |     3 |    10 ||    13
       Inner Flame       |       |       |     6 ||     6
       Conjure Flame     |       |       |     5 ||     5
  Use: Potion            |     2 |       |       ||     2
       Scroll            |       |     4 |       ||     4
  Eat: Ration            |       |       |     1 ||     1
Armor: Robe              |     2 |       |     1 ||     3
Dodge: Dodged            |     5 |     3 |    11 ||    19

Table legend:
 A = Spawn XP
 B = Non-spawn XP
 C = Spawn XP percentage of total XP
 D = Spawn monster count
 E = Non-spawn monster count
 F = Spawn count percentage of total count
 G = Total turns spent on level
                    A         B        C        D         E        F      G
               +---------+---------+-------+---------+---------+-------+---------
         Total |       0 |    2405 |   0.0 |       0 |      21 |   0.0 |  1452
               +---------+---------+-------+---------+---------+-------+---------
             D |       0 |    2405 |   0.0 |       0 |      21 |   0.0 |  1452
               +---------+---------+-------+---------+---------+-------+---------
